 Dungeon Crawl Stone Soup version 0.24-a0-170-gd8427f5 (webtiles) character file.

Game seed: 3404347247017136923

15946 Lanoc the Carver (level 12, -14/162 HPs)
             Began as a Black Draconian Monk on Mar 12, 2019.
             Was a High Priest of Makhleb.
             Demolished by an orc knight
             ... wielding a +0 great mace
              (25 damage)
             ... on level 1 of the Orcish Mines.
             The game lasted 00:27:03 (11598 turns).

Lanoc the Carver (Black Draconian Monk)            Turns: 11598, Time: 00:27:04

Health: -14/162    AC:  8    Str: 19    XL:     12   Next: 5%
Magic:  15/15      EV: 19    Int: 12    God:    Makhleb [*****.]
Gold:   589        SH:  8    Dex: 17    Spells: 11/11 levels left

rFire    . . .     SeeInvis .   v - +5 falchion (freeze)
rCold    + . .     Gourm    .   k - +3 buckler
rNeg     . . .     Faith    .   (armour unavailable)
rPois    .         Spirit   .   (helmet restricted)
rElec    +         Reflect  .   (no cloak)
rCorr    +         Harm     .   (no gloves)
MR       .....                  (no boots)
Stlth    ..........             p - amulet of rage
HPRegen  0.37/turn              B - ring of resist corrosion
MPRegen  0.14/turn              D - ring of protection from cold

@: berserking, short of breath, very quick
A: breathe lightning, unfitting armour, electricity resistance, cold-blooded, AC
+8
a: Breathe Lightning, Minor Destruction, Lesser Servant of Makhleb, Major
Destruction, Greater Servant of Makhleb, Renounce Religion, Evoke Berserk Rage


You were on level 1 of the Orcish Mines.
You worshipped Makhleb.
Makhleb was extremely pleased with you.
You were very hungry.

You visited 3 branches of the dungeon, and saw 14 of its levels.
You also visited: Ossuary.

You collected 631 gold pieces.
You spent 42 gold pieces at shops.

Inventory:

Hand Weapons
 v - a +5 falchion of freezing (weapon)
 w - a +0 scimitar
 x - a +0 falchion of flaming
Armour
 k - a +3 buckler (worn)
Jewellery
 h - an uncursed ring of fire
 p - an amulet of rage (around neck)
 B - a ring of resist corrosion (left hand)
 D - a ring of protection from cold (right hand)
Wands
 i - a wand of random effects (25)
 t - a wand of iceblast (7)
 y - a wand of scattershot (6)
 A - a wand of digging (2)
Scrolls
 a - a scroll of brand weapon
 c - 5 scrolls of amnesia
 l - 2 scrolls of enchant weapon
 m - 2 scrolls of enchant armour
 n - 5 scrolls of remove curse
 q - 3 scrolls of immolation
 C - a scroll of vulnerability {unknown}
 E - a scroll of teleportation
 H - a scroll of magic mapping
Potions
 d - 2 potions of magic
 e - 4 potions of brilliance
 f - 5 potions of flight
 g - 4 potions of curing
 j - 6 potions of heal wounds
 r - 4 potions of resistance
 s - 2 potions of lignification
 u - a potion of mutation
 z - a potion of agility
 G - a potion of haste {unknown}
Comestibles
 b - 23 rations


   Skills:
 + Level 10.7 Fighting
 * Level 13.2 Long Blades
 + Level 9.1 Dodging
 - Level 2.0 Stealth
 - Level 4.0 Shields
 + Level 5.1 Invocations


You had 11 spell levels left.
You didn't know any spells.
Your spell library was empty.

Dungeon Overview and Level Annotations

Branches:
Dungeon (12/15)            Temple (1/1) D:6            Lair (0/6) D:10
    Orc (1/2) D:9

Altars:
Ashenzari
Cheibriados
Dithmenos
Elyvilon
Fedhas
Gozag
Hepliaklqana
Kikubaaqudgha
Makhleb
Nemelex Xobeh
Okawaru
Qazlal
Ru
Sif Muna
Trog
Uskayaw
Vehumet
Wu Jian
Xom
Yredelemnul
Zin
The Shining One

Shops:
D:7 !   D:11 *


Innate Abilities, Weirdness & Mutations

You can breathe wild blasts of lightning.
Your glossy black scales are hard. (AC +8)
You cannot fit into any form of body armour.
You are resistant to electric shocks. (rElec)
You are cold-blooded and may be slowed by cold attacks.


Message History

You barely miss the orc knight.
The orc knight is moderately wounded.
You block the cyclops's attack.
You slash the orc warrior! You freeze the orc warrior.
The orc warrior is heavily wounded.
The orc knight hits you with a +0 great mace!
* * * LOW HITPOINT WARNING * * *
You slash the orc warrior! You freeze the orc warrior.
You tail-slap the orc warrior.
You kill the orc warrior!
Makhleb accepts your kill. The orc warrior completely misses you.
You slash the orc warrior! You freeze the orc warrior.
The orc warrior is heavily wounded.
The cyclops hits you!
* * * LOW HITPOINT WARNING * * *
You slash the orc knight! You freeze the orc knight.
The orc knight is heavily wounded.
The orc knight hits you with a +0 great mace!!
You die...

# #. ... ...o
#...
#...o#####
#$.oo@#.#
#...o#C#
#..####o##
..$ #....# .
###....#.#.
#..........
#....#......
##....#.#....
#.<..####...#


You could see an orc knight, a cyclops, 2 orc warriors, an orc wizard and 2
orcs.

Vanquished Creatures
  A hydra (D:8)
  Harold (D:9)
  4 two-headed ogres
  Pikel (D:5)
  3 centaur skeletons
  2 trolls
  Grinder (D:4)
  The ghost of xeno23 the Insei, an amateur OpTm (D:4)
  3 hippogriffs
  2 dream sheep (D:8)
  Sigmund (D:6)
  A wyvern (D:8)
  A vampire (D:9)
  11 yaks
  A wraith (D:10)
  A steam dragon (D:10)
  A hungry ghost (D:8)
  Duvessa (D:4)
  2 water moccasins (D:11)
  3 black bears
  A hornet zombie (D:11)
  An eye of draining (D:11)
  8 orc warriors
  3 sky beasts
  2 slaves (D:5)
  3 ice beasts
  4 phantoms
  8 ogres
  A necrophage (D:10)
  3 centaurs (D:8)
  4 big kobolds
  8 bullfrogs
  Dowan (D:4)
  A wyvern zombie (D:10)
  A water moccasin zombie (Ossuary)
  2 scorpions
  10 killer bees
  4 wights (D:7)
  A howler monkey (D:11)
  2 bullfrog zombies
  3 crimson imps
  5 hounds
  2 jellies
  7 orc priests
  11 orc wizards
  A bullfrog skeleton (D:11)
  4 iguanas
  10 worker ants
  Natasha (thrice) (D:4)
  4 big kobold zombies (Ossuary)
  A hound zombie (D:5)
  A hound skeleton (D:5)
  2 mummies (Ossuary)
  A howler monkey zombie (D:7)
  A worker ant zombie (D:6)
  6 gnolls (D:4)
  11 adders
  2 shadow imps (D:9)
  An ooze (D:6)
  An adder skeleton (D:4)
  7 adder zombies (Ossuary)
  9 worms
  3 dart slugs
  7 leopard geckos
  40 orcs
  4 giant cockroaches
  15 goblins
  8 hobgoblins
  8 jackals
  7 quokkas
  7 bats
  6 frilled lizards
  7 gnoll zombies (Ossuary)
  A hobgoblin zombie (Ossuary)
  2 jackal skeletons
  14 kobolds
  A kobold zombie (Ossuary)
  A leopard gecko skeleton (D:4)
  6 orc zombies (Ossuary)
  2 quokka skeletons
  10 rats
352 creatures vanquished.

Vanquished Creatures (others)
  A giant cockroach zombie (D:5)
1 creature vanquished.

Grand Total: 353 creatures vanquished

Notes
Turn   | Place    | Note
-------+----------+-------------------------------------------
     0 | D:1      | Lanoc the Draconian Monk began the quest for the Orb.
     0 | D:1      | Reached XP level 1. HP: 19/19 MP: 1/1
    96 | D:1      | Reached XP level 2. HP: 13/26 MP: 2/2
   769 | D:1      | Reached XP level 3. HP: 28/31 MP: 3/3
  1245 | D:2      | Reached skill level 4 in Long Blades
  1245 | D:2      | Reached XP level 4. HP: 18/40 MP: 4/4
  2126 | D:2      | Reached XP level 5. HP: 45/46 MP: 5/5
  2497 | D:3      | Found an ornate altar of the Wu Jian Council.
  2528 | D:3      | Reached skill level 1 in Shields
  2923 | D:3      | Reached skill level 5 in Long Blades
  2923 | D:3      | Reached XP level 6. HP: 41/53 MP: 6/6
  3195 | D:4      | Noticed Grinder
  3229 | D:5      | Entered Level 5 of the Dungeon
  3500 | D:5      | Noticed a sky beast
  3510 | D:5      | Killed a sky beast
  3626 | D:5      | Noticed a slave
  3629 | D:5      | Noticed Pikel
  3631 | D:5      | Noticed a slave
  3631 | D:5      | Noticed a slave
  3634 | D:5      | Noticed a slave
  3645 | D:5      | Killed a slave
  3650 | D:5      | Killed a slave
  3663 | D:5      | Killed Pikel
  3663 | D:5      | Reached skill level 5 in Fighting
  3663 | D:5      | Reached skill level 6 in Long Blades
  3663 | D:5      | Your scales start taking on a glossy black colour.
  3663 | D:5      | Reached XP level 7. HP: 21/61 MP: 7/7
  3663 | D:5      | Gained mutation: You are resistant to electric shocks.
                  | (rElec) [Black Draconian growth]
  3901 | D:4      | Found a runed translucent door.
  3923 | D:4      | Noticed xeno23's ghost (amateur OpTm)
  3951 | D:4      | Killed xeno23's ghost
  3951 | D:4      | Reached XP level 8. HP: 49/70 MP: 8/8
  4114 | D:4      | Noticed Natasha
  4125 | D:4      | Killed Natasha
  4426 | D:4      | Killed Grinder
  4426 | D:4      | Reached skill level 7 in Long Blades
  4426 | D:4      | Reached skill level 5 in Dodging
  4577 | D:4      | Noticed Duvessa
  4578 | D:4      | Noticed Dowan
  4589 | D:4      | Killed Duvessa
  4592 | D:4      | Killed Dowan
  4679 | D:4      | Noticed Natasha
  4691 | D:4      | Killed Natasha
  4896 | D:4      | Noticed Natasha
  4909 | D:4      | Killed Natasha
  5358 | D:6      | Reached skill level 8 in Long Blades
  5450 | D:6      | Noticed Sigmund
  5462 | D:6      | Killed Sigmund
  5462 | D:6      | Reached XP level 9. HP: 78/78 MP: 9/9
  5575 | D:6      | Found a staircase to the Ecumenical Temple.
  5580 | Temple   | Entered the Ecumenical Temple
  5683 | Temple   | Became a worshipper of Makhleb the Destroyer
  5683 | Temple   | Reached * piety under Makhleb
  5683 | Temple   | Reached ** piety under Makhleb
  6172 | D:7      | Reached skill level 9 in Long Blades
  6376 | D:7      | Found Begreax's Distillery.
  6405 | D:7      | Bought a potion of lignification for 42 gold pieces
  7247 | D:8      | Reached skill level 10 in Long Blades
  7270 | D:8      | Reached XP level 10. HP: 33/88 MP: 10/10
  7273 | D:8      | Reached *** piety under Makhleb
  7695 | D:8      | Found a sand-covered staircase.
  7700 | Ossuary  | Entered an ossuary
  7857 | Ossuary  | Reached **** piety under Makhleb
  8304 | D:8      | Reached skill level 11 in Long Blades
  8359 | D:8      | Noticed a three-headed hydra
  8367 | D:8      | Killed a one-headed hydra
  8822 | D:9      | Reached skill level 1 in Invocations
  8922 | D:9      | Noticed Harold
  8940 | D:9      | Killed Harold
  8940 | D:9      | Reached XP level 11. HP: 42/99 MP: 10/12
  9009 | D:9      | Reached ***** piety under Makhleb
  9009 | D:9      | Reached skill level 12 in Long Blades
  9372 | D:9      | Found a blossoming altar of Fedhas.
  9459 | D:9      | Found a staircase to the Orcish Mines.
  9676 | D:10     | Entered Level 10 of the Dungeon
  9829 | D:10     | Found a staircase to the Lair.
  9856 | D:10     | Noticed a two-headed ogre
  9883 | D:10     | Killed a two-headed ogre
  9883 | D:10     | Reached skill level 10 in Fighting
 10461 | D:11     | Noticed a two-headed ogre
 10502 | D:10     | Killed a two-headed ogre
 10536 | D:11     | Found Arephox's Serpentskin Sales.
 10593 | D:11     | Noticed a two-headed ogre
 10627 | D:11     | Killed a two-headed ogre
 10754 | D:11     | Found an iron altar of Okawaru.
 10865 | D:11     | Noticed a two-headed ogre
 10875 | D:11     | Killed a two-headed ogre
 10875 | D:11     | Reached skill level 13 in Long Blades
 11052 | D:12     | Noticed a skeletal warrior
 11052 | D:12     | Noticed a skeletal warrior
 11054 | D:12     | Noticed a skeletal warrior
 11055 | D:12     | Noticed a skeletal warrior
 11057 | D:12     | Noticed a skeletal warrior
 11092 | D:12     | Found a sacrificial altar of Ru.
 11092 | D:12     | Noticed a death knight
 11094 | D:12     | Noticed a skeletal warrior
 11122 | D:12     | Noticed a skeletal warrior
 11123 | D:12     | Noticed a skeletal warrior
 11126 | D:11     | Reached skill level 5 in Invocations
 11126 | D:11     | Reached XP level 12. HP: 95/108 MP: 15/15
 11572 | Orc:1    | Entered Level 1 of the Orcish Mines
 11598 | Orc:1    | Demolished by an orc knight

Levels and vault maps discovered:
D:1:      dpeg_arrival_long_road, layout_basic
D:2:      layout_basic
D:3:      corexii_shack_village, layout_basic, first_ration,
          hangedman_abyss_or_decor_stabs, minmay_misc_feat_encased,
          lemuel_tele_altar
D:4:      layout_layer_cave, ebering_ghost_sewer_d, uniq_grinder, uniq_natasha,
          uniq_duvessa
D:5:      layout_loops_ring, serial_shops, shop, basic_altar,
          uniq_crazy_yiuf_cottage, uniq_edmund, uniq_pikel
D:6:      layout_basic, temple_doors_e, uniq_sigmund
D:7:      layout_basic, serial_shops, nicolae_shop_stone
D:8:      layout_cave_pools, enter_ossuary_2, hangedman_ranch
          [blue_anna_fruit_fields]
D:9:      layout_roguey, fedhas_altar_4, uniq_harold
D:10:     layout_long_grid, lair_entry_dummy, minmay_misc_feat_hallway
D:11:     layout_roguey, basic_altar, guppyfry_shop_venom
D:12:     cheibrodos_barr_body, layout_rooms, basic_altar
Temple:   kilobyte_greek_temple
Orc:1:    layout_diamond_mine, serial_shops, nicolae_shop_waterfront, shop,
          shop, shop, uniq_erolcha
Ossuary:  ossuary_tomb_2

Skill      XL: |  1  2  3  4  5  6  7  8  9 10 11 |
---------------+----------------------------------+-----
Stealth        | 2 |  2.0
Dodging        | 3 4 5 6 8 9 |  9.1
Long Blades    | 4 5 6 8 10 11 13 | 13.2
Fighting       | 4 5 6 8 9 10 | 10.7
Shields        | 1 3 4 |  4.0
Invocations    | 1 5 |  5.1

Action                   |  1- 3 |  4- 6 |  7- 9 | 10-12 || total
-------------------------+-------+-------+-------+-------++-------
Melee: Falchion          |   115 |   260 |   340 |   588 ||  1303
       Tailslap          |    16 |    40 |    61 |   107 ||   224
 Abil: Evoke Berserk Rag |       |     3 |     6 |     4 ||    13
       Breathe Lightning |       |       |     8 |    30 ||    38
  Use: Scroll            |       |     5 |     9 |     7 ||    21
       Potion            |       |     3 |     3 |     1 ||     7
 Stab: Sleeping          |     5 |     7 |     6 |     1 ||    19
       Distracted        |       |     1 |     1 |     2 ||     4
  Eat: Chunk             |     1 |    10 |    17 |    18 ||    46
       Ration            |       |       |     1 |     2 ||     3
Armor: Skin              |    24 |    49 |    48 |    73 ||   194
Dodge: Dodged            |    68 |   138 |   207 |   306 ||   719
Block: Buckler           |       |    61 |   106 |   178 ||   345
       Rpst.: Falchion   |    21 |    41 |    60 |    81 ||   203

Table legend:
 A = Non-vault XP
 B = Vault XP
 C = Vault XP percentage of total XP
 D = Non-vault monster count
 E = Vault monster count
 F = Vault count percentage of total count
                 A         B        C        D         E       F
            +---------+---------+-------+---------+---------+-------
      Total |   17348 |    5433 |  23.8 |     287 |      63 |  18.0
            +---------+---------+-------+---------+---------+-------
        D:1 |      42 |       0 |   0.0 |      26 |       0 |   0.0
        D:2 |     168 |       0 |   0.0 |      26 |       0 |   0.0
        D:3 |     155 |      24 |  13.4 |      22 |      13 |  37.1
        D:4 |     364 |     793 |  68.5 |      26 |       6 |  18.8
        D:5 |     225 |     607 |  73.0 |       8 |       1 |  11.1
        D:6 |     424 |     223 |  34.5 |      14 |       1 |   6.7
        D:7 |    1849 |       0 |   0.0 |      32 |       0 |   0.0
        D:8 |    2128 |    2218 |  51.0 |      30 |       8 |  21.1
        D:9 |    2398 |     981 |  29.0 |      42 |       1 |   2.3
       D:10 |    5172 |       0 |   0.0 |      32 |       0 |   0.0
       D:11 |    3708 |     319 |   7.9 |      22 |       4 |  15.4
       D:12 |     325 |       0 |   0.0 |       2 |       0 |   0.0
      Orc:1 |     390 |       0 |   0.0 |       5 |       0 |   0.0
    Ossuary |       0 |     268 | 100.0 |       0 |      29 | 100.0
            +---------+---------+-------+---------+---------+-------
